 Dungeon Crawl Stone Soup version 0.21-a0-442-g848f44b (webtiles) character file.

46116 dududu the Gouger (level 14, 72/72 HPs)
             Began as a Felid Berserker on Nov 13, 2017.
             Was a High Priest of Trog.
             Got out of the dungeon alive.
             The game lasted 01:58:49 (30221 turns).

dududu the Gouger (Felid Berserker)                Turns: 30221, Time: 01:58:50

Health: 72/72      AC:  3    Str: 15    XL:     14   Next: 3%
Magic:  22/22      EV: 32    Int:  8    God:    Trog [*****.]
Gold:   489        SH:  3    Dex: 21    Spells: 13/13 levels left
                                        Lives:  1   Deaths: 2

rFire    . . .     SeeInvis +     - Unarmed
rCold    + + .     Gourm    .   (shield unavailable)
rNeg     . . .     Faith    .   (armour unavailable)
rPois    .         Spirit   .   (helmet unavailable)
rElec    +         Reflect  +   (cloak unavailable)
rCorr    .         Harm     .   (gloves unavailable)
MR       +++..     Rnd*Rage +   (boots unavailable)
Stlth    +++++++...             u - +3 amulet of reflection
HPRegen  0.22/turn              J - ring of protection from magic
MPRegen  0.18/turn              U - ring of protection from cold

@: quick
A: no armour, no weapons or thrown items, stealth, claws 1, fangs 3, see
invisible, berserk 1, carnivore 3, speed 1, sense surroundings 1, shaggy fur 3,
electricity resistance, slow metabolism 1, strong 1, sharp paws
a: Berserk, Trog's Hand, Brothers in Arms, Burn Spellbooks, Renounce Religion


You escaped.
You worshipped Trog.
Trog was extremely pleased with you.
You were full.

You visited 3 branches of the dungeon, and saw 23 of its levels.
You also visited: Labyrinth and Ossuary.

You collected 2457 gold pieces.
You spent 1968 gold pieces at shops.

Inventory:

Jewellery
 b - an uncursed ring of positive energy
 h - a +2 ring of protection
 u - a +3 amulet of reflection (around neck)
 J - a ring of protection from magic (left paw)
 R - a +6 ring of evasion
 S - an uncursed amulet of faith {unknown}
 T - the ring of Sif Muna's Pride {+Inv rC+ Int+3}
   (You found it in a labyrinth)

   [ring of protection from cold]

   It affects your intelligence (+3).
   It protects you from cold.
   It lets you turn invisible.
 U - a ring of protection from cold (right paw)
Wands
 f - a wand of acid (6/15)
 j - a wand of polymorph (9/24)
 l - a wand of iceblast (10/15)
 A - a wand of enslavement (9/24)
 C - a wand of lightning (7/15)
 D - a wand of clouds (2/9)
 E - a wand of flame (7/48)
 G - a wand of lightning (6/15)
 M - a wand of flame (26/48)
 O - a wand of confusion (21/48)
 P - a wand of flame (24/48)
 Q - a wand of digging (13/24)
 V - a wand of flame (22/48)
 W - a wand of digging (14/24)
 X - a wand of lightning (5/15)
 Z - a wand of iceblast (9/15)
Scrolls
 c - 2 scrolls of fear
 e - 7 scrolls of teleportation
 g - 3 scrolls of recharging
 r - 2 scrolls of immolation
 s - 5 scrolls of blinking
 v - 6 scrolls of remove curse
 y - 6 scrolls of magic mapping
 F - 3 scrolls of identify
 I - a scroll of silence
 K - 5 scrolls of fog
Potions
 i - 2 potions of ambrosia
 k - 3 potions of invisibility
 n - 3 potions of haste
 o - 5 potions of curing
 p - 6 potions of heal wounds
 q - 7 potions of brilliance
 t - 2 potions of might
 w - 10 potions of lignification
 x - a potion of resistance
 z - 2 potions of magic
 B - a potion of agility
 H - 2 potions of berserk rage
 Y - a potion of cancellation
Miscellaneous
 m - a lamp of fire
 L - a phial of floods
 N - a lightning rod (4/4)
Comestibles
 a - 8 meat rations
 d - 11 royal jellies


   Skills:
 * Level 14.0 Fighting
 + Level 14.0 Dodging
 + Level 14.5 Stealth
 * Level 14.8 Unarmed Combat
 + Level 9.9 Evocations


You had 13 spell levels left.
You didn't know any spells.

Dungeon Overview and Level Annotations

Branches:
Dungeon (15/15)            Temple (0/1) D:6            Lair (6/6) D:10
  Swamp (0/4) Lair:4        Snake (0/4) Lair:4        Slime (0/5) Lair:6
    Orc (2/2) D:9             Elf (0/3) Orc:2        Vaults (0/5) D:14
 Depths (0/5) D:15

Altars:
Ashenzari
Elyvilon
Gozag
Hepliaklqana
Kikubaaqudgha
Nemelex Xobeh
Ru
Trog
Uskayaw
Wu Jian
Yredelemnul
Zin

Shops:
D:4 *   D:7 %}[(   D:10 (   D:11 [=:   D:12 ?   D:13 :   D:15 *   Orc:1 ?
Orc:2 [(?:!

Annotations:
D:10 exclusion: door, Sonja
D:15 exclusion: Roxanne, Roxanne
Lair:2 exclusion: downstairs


Innate Abilities, Weirdness & Mutations

You cannot wear armour.
You are incapable of wielding weapons or throwing items.
Your paws allow you to move quietly. (Stealth)
You have sharp claws.
You have razor-sharp teeth.
You have supernaturally acute eyesight. (SInv)
You are carnivorous and can eat meat at any time.
You cover ground quickly.
Your thick and shaggy fur keeps you warm. (AC +3, rC+)
You have a slow metabolism.
Your sharp claws are effective at attacking unaware monsters.
You tend to lose your temper in combat.
You passively map a small area around you.
You are resistant to electric shocks. (rElec)
Your muscles are strong. (Str +2)


Message History

You feel yourself speed up.
There is a stone staircase leading up here.
You climb upwards.
A frilled lizard comes into view.
There is a stone staircase leading down here.
You catch the helpless frilled lizard completely off-guard!
You eviscerate the frilled lizard!!!
You kill the frilled lizard!
Trog accepts your kill.
No target in view!
(D) Dungeon (T) Temple (L) Lair (S) Swamp (P) Snake Pit (M) Slime Pits (O) Orcish Mines (E) Elven Halls (V) Vaults (U) Depths
Where to? (Enter - D:1 @ (x,y), ? - help)
You recover from your berserk rage.
There is an open door here.
There is an open gate here.
There is a staircase leading out of the dungeon here.
Are you sure you want to leave the Dungeon?
This will make you lose the game!
You have escaped!

#..#.######......
###.### ##.....
#...# ##...# #.#.#
##'## ###.### #.#
#8'''8# #.#
#.###.##### ##.##
##...##...# ##....
#..@..###.# ##...†.
#########.####.....#
#.##...............
#.######.####.....#
#.# #.# ##...##
#.######.# ##.##
#........# ###
##########


There were no monsters in sight!

Vanquished Creatures
  An orc warlord (Orc:2)
  A minotaur (Lab)
  4 hydras
  A centaur warrior (D:11)
  2 catoblepae
  5 two-headed ogres
  A tengu warrior (D:14)
  8 death yaks
  2 unseen horrors
  3 orc knights (Orc:2)
  A necromancer (D:14)
  2 wizards
  A deep elf mage (D:14)
  2 orc sorcerers (Orc:2)
  An ugly thing (D:12)
  4 cyclopes
  A wolf spider (D:15)
  6 centaur zombies
  3 black mambas
  An elephant (D:10)
  Maurice (D:13)
  3 gargoyles (D:14)
  6 spiny frogs
  A tengu conjurer (D:14)
  An efreet (D:15)
  7 komodo dragons
  8 trolls
  6 hornets
  A merfolk (D:15)
  6 polar bears (Lair:6)
  13 blink frogs
  21 slime creatures
  9 hippogriffs
  11 spriggans (Lair:6)
  A shadow (D:13)
  2 wyverns
  36 yaks
  2 steam dragons
  A yak (shapeshifter) (D:13)
  2 basilisks
  12 vampire mosquitoes
  3 hungry ghosts
  Menkaure (Ossuary)
  2 wargs (Orc:2)
  A soldier ant (D:11)
  5 porcupines
  12 water moccasins
  34 orc warriors
  3 sky beasts
  5 ice beasts
  2 eyes of draining (D:14)
  A black bear (D:5)
  11 ogres
  2 phantoms
  2 boggarts (Lair:6)
  6 necrophages
  18 wolves
  18 centaurs
  8 crocodiles
  4 big kobolds
  18 bullfrogs
  A water moccasin zombie (D:5)
  A wyvern skeleton (D:6)
  4 scorpions
  A water moccasin skeleton (D:11)
  4 killer bees (D:9)
  8 wights
  An electric eel (Lair:3)
  12 crimson imps
  A quasit (D:9)
  3 jellies
  15 orc wizards
  4 centaur skeletons
  11 orc priests
  7 hounds
  A bullfrog skeleton (D:4)
  3 iguanas
  10 worker ants
  A killer bee zombie (D:9)
  A hound zombie (D:11)
  A hound skeleton (D:5)
  2 mummies (Ossuary)
  A worker ant zombie (D:6)
  11 adders
  A gnoll (shapeshifter) (D:15)
  2 shadow imps
  2 adder skeletons
  An adder zombie (D:6)
  2 worms (D:4)
  2 dart slugs
  2 leopard geckos
  68 orcs
  3 ball pythons
  8 bats
  7 giant cockroaches
  3 gnoll zombies (Ossuary)
  A goblin (D:1)
  7 hobgoblins
  5 jackals (D:9)
  21 kobolds
  5 quokkas
  4 frilled lizards
  6 gnoll skeletons (Ossuary)
  4 goblin zombies (Ossuary)
  4 hobgoblin zombies (Ossuary)
  A jackal skeleton (D:4)
  2 kobold skeletons (Ossuary)
  2 leopard gecko skeletons
  3 orc skeletons (Ossuary)
  3 orc zombies (Ossuary)
  6 rats
  2 rat skeletons (Ossuary)
  A bush (Lair:5)
638 creatures vanquished.

Vanquished Creatures (collateral kills)
  Harold (Lair:1)
  Fannar (D:10)
  A hydra (Lair:5)
  Erica (D:11)
  A two-headed ogre (D:11)
  An orc knight (Orc:2)
  An orc sorcerer (Orc:2)
  A troll (D:11)
  A blink frog (Lair:6)
  A hippogriff (D:11)
  A spriggan (Lair:6)
  A basilisk (D:10)
  5 yaks
  A vampire mosquito (Lair:4)
  A warg (Orc:2)
  The ghost of p0werm0de the Sneak, an amateur OpEn (D:3)
  A water moccasin (D:11)
  An orc warrior (Orc:2)
  An ice beast (D:11)
  A wolf (Lair:6)
  A centaur (D:11)
  4 wights (D:8)
  A hound (D:11)
  A bullfrog skeleton (D:11)
  An orc priest (Orc:2)
  4 orcs (Orc:2)
36 creatures vanquished.

Vanquished Creatures (others)
  A slime creature (D:15)
  A vampire mosquito (D:11)
  A mummy (Ossuary)
  An orc (Orc:2)
  A gnoll skeleton (Ossuary)
  2 gnoll zombies (Ossuary)
  4 goblin skeletons (Ossuary)
  2 goblin zombies (Ossuary)
  2 hobgoblin skeletons (Ossuary)
  2 hobgoblin zombies (Ossuary)
  3 kobold zombies (Ossuary)
  2 orc skeletons (Ossuary)
  An orc zombie (Ossuary)
  3 rat skeletons (Ossuary)
  A rat zombie (Ossuary)
  6 fungi
  9 plants
42 creatures vanquished.

Grand Total: 716 creatures vanquished

Notes
Turn   | Place    | Note
-------+----------+-------------------------------------------
     0 | D:1      | dududu the Felid Berserker began the quest for the Orb.
     0 | D:1      | Reached XP level 1. HP: 10/10 MP: 2/2
   207 | D:1      | Reached skill level 1 in Stealth
   207 | D:1      | Reached XP level 2. HP: 13/14 MP: 3/3
  1016 | D:2      | Found a faded altar of an unknown god.
  1103 | D:2      | Reached XP level 3. HP: 16/17 MP: 4/4
  1643 | D:2      | Reached ** piety under Trog
  1659 | D:2      | Found a sacrificial altar of Ru.
  1861 | D:2      | Found a bloodstained altar of Trog.
  2318 | D:3      | Found a white marble altar of Elyvilon.
  2337 | D:3      | Noticed p0werm0de's ghost (amateur OpEn)
  2749 | D:4      | Found Wonu's General Store.
  2753 | D:4      | Noticed an ogre
  2785 | D:4      | Found a sparkling altar of Nemelex Xobeh.
  2818 | D:4      | Reached XP level 4. HP: 21/21 MP: 5/5
  2880 | D:4      | Reached XP level 5. HP: 17/24 MP: 6/6
  2985 | D:4      | Reached skill level 5 in Dodging
  3284 | D:4      | Killed an ogre
  3284 | D:4      | Reached skill level 5 in Unarmed Combat
  3284 | D:4      | Gained mutation: You are covered in thick fur. (AC +2) [Felid growth]
  3284 | D:4      | Reached XP level 6. HP: 27/28 MP: 7/7
  3355 | D:4      | Bought a scroll of blinking for 105 gold pieces
  3752 | D:5      | Entered Level 5 of the Dungeon
  3771 | D:5      | Reached *** piety under Trog
  3797 | D:5      | Found a hazy altar of Hepliaklqana.
  3893 | D:5      | HP: 1/29 [centaur (8)]
  3895 | D:5      | Reached XP level 7. HP: 3/33 MP: 8/8
  3901 | D:5      | Mangled by an ogre
  3902 | D:5      | Reached XP level 6. HP: -7/29 MP: 7/7
  3937 | D:5      | Noticed an ice beast
  3938 | D:5      | You fall through a shaft!
  3938 | D:6      | Found a staircase to the Ecumenical Temple.
  4020 | D:6      | Found a shattered altar of Ashenzari.
  4069 | D:6      | Reached skill level 5 in Stealth
  4107 | D:5      | Reached XP level 7. HP: 33/33 MP: 8/8
  4117 | D:5      | Reached skill level 5 in Fighting
  4155 | D:5      | Found a sand-covered staircase.
  4160 | Ossuary  | Entered an ossuary
  4503 | Ossuary  | Reached **** piety under Trog
  4506 | Ossuary  | Noticed Menkaure
  4532 | Ossuary  | Killed Menkaure
  4663 | D:5      | Found a hide-covered altar of Uskayaw.
  4739 | D:5      | Reached XP level 8. HP: 37/37 MP: 9/9
  5522 | D:6      | Found an ancient bone altar of Kikubaaqudgha.
  5523 | D:6      | Found a glowing silver altar of Zin.
  6444 | D:7      | Reached skill level 1 in Evocations
  6576 | D:7      | Reached XP level 9. HP: 34/41 MP: 10/10
  6677 | D:7      | Found Lidinn's Gadget Shop.
  6681 | D:7      | Found Qozuu's Food Shop.
  6895 | D:7      | Found Mayj's Armour Boutique.
  7028 | D:7      | Found Samuy's Weapon Emporium.
  7246 | D:4      | Bought a wand of enslavement (15/24) for 238 gold pieces
  7362 | D:7      | Found a shattered altar of Ashenzari.
  7718 | D:8      | Gained mutation: Your muscles are strong. (Str +2) [mutagenic meat]
  7719 | D:8      | Gained mutation: Your spells are a little harder to cast, but a little more powerful. [mutagenic meat]
  7852 | D:8      | Noticed a two-headed ogre
  7937 | D:8      | Killed a two-headed ogre
  8671 | D:9      | Reached ***** piety under Trog
  8674 | D:9      | Found a staircase to the Orcish Mines.
  9465 | D:10     | Entered Level 10 of the Dungeon
  9467 | D:10     | Reached XP level 10. HP: 47/47 MP: 13/13
  9478 | D:10     | Found a staircase to the Lair.
  9478 | D:10     | Noticed an elephant
  9492 | D:10     | Killed an elephant
  9564 | D:10     | Noticed Fannar
  9611 | D:10     | Killed Fannar
  9613 | D:10     | Found Kaoskil's Antique Weapon Shop.
  9649 | D:10     | Noticed Sonja
 10314 | D:11     | Noticed a centaur warrior
 10317 | D:11     | Killed a centaur warrior
 10317 | D:11     | Reached skill level 10 in Unarmed Combat
 10318 | D:11     | Noticed a two-headed ogre
 10336 | D:11     | Killed a two-headed ogre
 10569 | D:11     | Noticed a two-headed ogre
 10576 | D:11     | Found Jomaet's Jewellery Shoppe.
 10709 | D:11     | Killed a two-headed ogre
 10709 | D:11     | Reached skill level 10 in Dodging
 10751 | D:11     | Reached skill level 5 in Evocations
 10759 | D:11     | Reached XP level 11. HP: 41/53 MP: 15/15
 10760 | D:11     | Reached skill level 10 in Stealth
 10804 | D:11     | Found Cifeuf Jepn's Armour Shop.
 10914 | D:11     | Bought a +2 ring of protection for 100 gold pieces
 11077 | D:11     | Found Peitz's Book Shoppe.
 11089 | D:11     | Noticed Erica
 11107 | D:11     | Killed Erica
 11501 | Lair:1   | Entered Level 1 of the Lair of Beasts
 11819 | Lair:1   | Noticed Harold
 12335 | Lair:1   | Noticed a five-headed hydra
 12349 | Lair:1   | Killed a five-headed hydra
 12823 | Lair:1   | Killed Harold
 13444 | Lair:2   | Reached skill level 10 in Fighting
 14168 | Lair:2   | You fall through a shaft!
 14220 | Lair:3   | Gained mutation: Your thick and shaggy fur keeps you warm. (AC +3, rC+) [Felid growth]
 14220 | Lair:3   | Reached XP level 12. HP: 57/57 MP: 17/17
 14463 | Lair:3   | Noticed a six-headed hydra
 15135 | Lair:3   | Killed a six-headed hydra
 15746 | Lair:3   | Noticed a six-headed hydra
 15765 | Lair:3   | Killed a six-headed hydra
 16204 | Lair:4   | Found a staircase to the Swamp.
 16296 | Lair:4   | Found a staircase to the Snake Pit.
 17011 | Lair:5   | Noticed a death yak
 17015 | Lair:5   | Noticed a death yak
 17018 | Lair:5   | Killed a death yak
 17022 | Lair:5   | Noticed a death yak
 17035 | Lair:4   | Killed a death yak
 17101 | Lair:5   | Killed a death yak
 17110 | Lair:5   | Found an ornate altar of the Wu Jian Council.
 17575 | Lair:5   | Noticed a seven-headed hydra
 17586 | Lair:5   | Killed a seven-headed hydra
 17843 | Lair:6   | Entered Level 6 of the Lair of Beasts
 17843 | Lair:6   | Found a staircase to the Slime Pits.
 18137 | D:7      | Bought a wand of acid (7/15) for 286 gold pieces
 18334 | Lair:6   | Noticed a death yak
 18338 | Lair:6   | Noticed an eight-headed hydra
 18340 | Lair:6   | Reached XP level 13. HP: 63/63 MP: 20/20
 19689 | Lair:6   | HP: 1/64 [spriggan rider/spear (20)]
 21044 | Orc:1    | Entered Level 1 of the Orcish Mines
 21260 | Orc:2    | Entered Level 2 of the Orcish Mines
 21264 | Orc:2    | Found Ciosuoz's Distillery.
 21286 | Orc:2    | Bought a potion of resistance for 130 gold pieces
 21286 | Orc:2    | Bought a potion of agility for 52 gold pieces
 21484 | Orc:2    | Found a staircase to the Elven Halls.
 23089 | Orc:2    | Noticed an orc warlord
 23126 | Orc:2    | Killed an orc warlord
 23126 | Orc:2    | Reached XP level 14. HP: 69/69 MP: 21/21
 23489 | Orc:2    | Found Ynoerchej's Magic Scroll Boutique.
 23489 | Orc:2    | Found Azaghoudu's Antique Weapon Shoppe.
 23491 | Orc:2    | Found Dohonta's Armour Emporium.
 23493 | Orc:2    | Found Fudd's Book Shop.
 23505 | Orc:2    | Bought a scroll of identify for 24 gold pieces
 23505 | Orc:2    | Bought a scroll of identify for 24 gold pieces
 23505 | Orc:2    | Bought a scroll of identify for 24 gold pieces
 23505 | Orc:2    | Bought a scroll of magic mapping for 42 gold pieces
 24428 | Orc:1    | Found Fidi's Magic Scroll Emporium.
 24436 | Orc:1    | Bought a scroll of silence for 105 gold pieces
 24436 | Orc:1    | Bought a scroll of identify for 28 gold pieces
 24436 | Orc:1    | Bought a scroll of identify for 28 gold pieces
 24436 | Orc:1    | Bought a scroll of fear for 49 gold pieces
 24436 | Orc:1    | Bought a scroll of fog for 28 gold pieces
 24436 | Orc:1    | Bought a scroll of fog for 28 gold pieces
 24436 | Orc:1    | Bought a scroll of recharging for 133 gold pieces
 24614 | D:7      | Bought a phial of floods for 520 gold pieces
 25120 | D:12     | Found Osirr's Magic Scroll Boutique.
 25124 | D:12     | Bought a scroll of fog for 24 gold pieces
 25175 | D:12     | Lost mutation: Your spells are a little harder to cast, but a little more powerful. [mutagenic meat]
 26703 | D:13     | Noticed Maurice
 26709 | D:13     | Killed Maurice
 26804 | D:13     | Found Bucaad's Book Shoppe.
 27319 | D:14     | Found a basalt altar of Yredelemnul.
 27445 | D:14     | Found a gate to the Vaults.
 27626 | D:14     | Reached ****** piety under Trog
 28195 | D:15     | Entered Level 15 of the Dungeon
 28223 | D:15     | Found a labyrinth entrance.
 28246 | Lab      | Entered a labyrinth
 28486 | Lab      | Got a bound platinum ring
 28487 | Lab      | Identified the ring of Sif Muna's Pride {+Inv rC+ Int+3} (You found it in a labyrinth)
 28787 | D:15     | Found Gozag's Platinum Reserve.
 28787 | D:15     | Found an opulent altar of Gozag.
 28844 | D:15     | Mangled by a catoblepas
 28845 | D:15     | Reached XP level 13. HP: -6/67 MP: 21/21
 28873 | D:15     | Noticed Roxanne
 29045 | D:15     | Gained mutation: You passively map a small area around you. [mutagenic meat]
 29046 | D:15     | Gained mutation: You tend to lose your temper in combat. [mutagenic meat]
 29049 | D:15     | Gained mutation: You are resistant to electric shocks. (rElec) [mutagenic meat]
 29411 | D:15     | Reached XP level 14. HP: 72/72 MP: 22/22
 29587 | D:15     | Found a staircase to the Depths.
 30130 | D:3      | Killed p0werm0de's ghost
 30221 | D:$      | Got out of the dungeon alive.

Vault maps used:
D:1:      saegor_arrival_simple_c, hex_medium
D:2:      nicolae_overflow_hidden_temple, chequers_ecumenical_altar_island,
          trog_book
D:3:      first_bread, elyvilon_altar_5
D:4:      wad_lake_hut, serial_shops, shop, nemelex_lonely_heart_becter
D:5:      black_bear_nest_1, overflow_temple_1_default, kennysheep_mini_moat,
          enter_ossuary_2
D:6:      cheibrodos_thug_alley, chequers_temple_overflow_statue_of_worship,
          minmay_temple_entry_glass, nicolae_ashenzari_panopticon
D:7:      marbit_many_paths, serial_shops, nicolae_shop_crystal, shop_fountains,
          shop_statue, shop
D:9:      orc_0_dummy
D:10:     david_lair_generic, serial_shops, kennysheep_mini,
          blue_anna_alchemist, minmay_item_behind_shaft, uniq_fannar, uniq_sonja
D:11:     minmay_curly_fans, serial_shops, shop_fountains,
          kennysheep_little_box, shop, uniq_erica
D:12:     serial_shops, nicolae_shop_statue_plus
D:13:     serial_shops, nicolae_shop_statue_plus, grunt_ministairs_5,
          uniq_maurice
D:14:     david_vaults_1, basic_altar
D:15:     hangedman_depths_entry_try_elsewhere_first, roderic_serpentine_path,
          lab_entry_generic, nicolae_gozag_zags_fifth_avenue, uniq_roxanne
Lair:1:   lemuel_fruit_tree, uniq_harold
Lair:2:   roderic_carrion_pond
Lair:3:   nicolae_quartered_pool_little, serial_bayou_shore_a,
          grunt_megastairs_5
Lair:4:   minmay_swamp_entry_swarm, dummy_snake_entry
Lair:5:   basic_altar, st_stairs_12
Lair:6:   minmay_lair_end_enchanted_forest, minmay_slime_entry_pillars,
          serial_bayou_shore_b
Orc:1:    serial_shops, shop_fountains
Orc:2:    st_orc_rangers, serial_shops, shop
Lab:      labyrinth_mini_lab
Ossuary:  ossuary_due_pyramid

Skill      XL: |  1  2  3  4  5  6  7  8  9 10 11 12 13 14 |
---------------+-------------------------------------------+-----
Stealth        | 1 2 3 5 6 7 8 9 11 12 13 14 | 14.5
Unarmed Combat | 4 5 6 7 8 9 10 11 12 13 14 | 14.8
Dodging        | 5 6 7 8 9 10 11 12 14 | 14.0
Fighting       | 4 5 6 7 9 10 11 14 13 | 14.0
Evocations     | 1 3 5 6 8 9 |  9.9

Action                   |  1- 3 |  4- 6 |  7- 9 | 10-12 | 13-15 || total
-------------------------+-------+-------+-------+-------+-------++-------
Melee: Unarmed           |   107 |   106 |   350 |   437 |  1013 ||  2013
       Bite              |    10 |    13 |    44 |    57 |   171 ||   295
       Punch             |     1 |     6 |    10 |    22 |    89 ||   128
Invok: Berserk           |     1 |     3 |     4 |    10 |    20 ||    38
       Burn Spellbooks   |     1 |       |       |       |     2 ||     3
       Trog's Hand       |       |     1 |     3 |     4 |     8 ||    16
       Brothers in Arms  |       |       |     1 |    11 |     9 ||    21
Evoke: Wand              |       |       |     7 |    32 |    14 ||    53
  Use: Scroll            |     2 |     8 |    10 |     8 |    13 ||    41
       Potion            |       |       |       |     2 |     4 ||     6
 Stab: Sleeping          |    13 |     9 |    24 |    37 |    37 ||   120
       Distracted        |       |     2 |     4 |     5 |    10 ||    21
  Eat: Chunk             |    10 |     2 |    24 |    31 |    59 ||   126
Armor: Skin              |     2 |       |     3 |    22 |    29 ||    56
Dodge: Dodged            |    72 |    62 |   242 |   288 |   778 ||  1442
Block: Other             |       |       |       |    31 |    92 ||   123
       Reflection        |       |       |       |       |     6 ||     6

Table legend:
 A = Spawn XP
 B = Non-spawn XP
 C = Spawn XP percentage of total XP
 D = Spawn monster count
 E = Non-spawn monster count
 F = Spawn count percentage of total count
 G = Total turns spent on level
                    A         B        C        D         E        F      G
               +---------+---------+-------+---------+---------+-------+---------
         Total |       0 |  103240 |   0.0 |       0 |     670 |   0.0 | 30221
               +---------+---------+-------+---------+---------+-------+---------
           D:1 |       0 |      30 |   0.0 |       0 |      19 |   0.0 |   955
           D:2 |       0 |      35 |   0.0 |       0 |      12 |   0.0 |  1105
           D:3 |       0 |     105 |   0.0 |       0 |      11 |   0.0 |   714
           D:4 |       0 |     442 |   0.0 |       0 |      20 |   0.0 |  1097
           D:5 |       0 |    1132 |   0.0 |       0 |      18 |   0.0 |   888
           D:6 |       0 |    1179 |   0.0 |       0 |      37 |   0.0 |  1429
           D:7 |       0 |     521 |   0.0 |       0 |      21 |   0.0 |  1180
           D:8 |       0 |    1551 |   0.0 |       0 |      27 |   0.0 |  1074
           D:9 |       0 |     764 |   0.0 |       0 |      18 |   0.0 |  1097
          D:10 |       0 |    2083 |   0.0 |       0 |      14 |   0.0 |  1078
          D:11 |       0 |    5704 |   0.0 |       0 |      33 |   0.0 |  1484
          D:12 |       0 |    6123 |   0.0 |       0 |      36 |   0.0 |  1148
          D:13 |       0 |   10300 |   0.0 |       0 |      51 |   0.0 |  1327
          D:14 |       0 |   10606 |   0.0 |       0 |      38 |   0.0 |  1074
          D:15 |       0 |    6396 |   0.0 |       0 |      20 |   0.0 |  1033
        Lair:1 |       0 |    3782 |   0.0 |       0 |      13 |   0.0 |  1548
        Lair:2 |       0 |    5572 |   0.0 |       0 |      26 |   0.0 |  1804
        Lair:3 |       0 |    6639 |   0.0 |       0 |      26 |   0.0 |  1506
        Lair:4 |       0 |    2565 |   0.0 |       0 |      12 |   0.0 |  1074
        Lair:5 |       0 |    8100 |   0.0 |       0 |      23 |   0.0 |  1154
        Lair:6 |       0 |   15176 |   0.0 |       0 |      64 |   0.0 |  2059
         Orc:1 |       0 |     884 |   0.0 |       0 |       8 |   0.0 |   536
         Orc:2 |       0 |   12178 |   0.0 |       0 |      96 |   0.0 |  2969
           Lab |       0 |    1158 |   0.0 |       0 |       1 |   0.0 |   419
       Ossuary |       0 |     215 |   0.0 |       0 |      26 |   0.0 |   469
               +---------+---------+-------+---------+---------+-------+---------
